Cogmind - Beta 15 @@@ ROGUE MODE // 2025.08.26 @ 02:03:00 Player: Sweaty Result: Destroyed by G-47 Trooper with Particle Gun Performance ------------- Evolutions (1) 500 Regions Visited (3) 600 Robots Destroyed (31) 155 Value Destroyed (819) 819 Prototype IDs (3) 60 Alien Tech Used (0) 0 Bonus (0) 0 TOTAL SCORE: 2134 Bonus ------- None Cogmind --------- Core Integrity 0/400 Matter 266/300 Energy 125/125 System Corruption 5% Temperature Cool (9) Movement Treading (305) Ox2 Location -9/Materials Parts ------- > --- POWER (1) -------- Light Ion Engine > --- PROPULSION (3) --- Advanced Treads Advanced Treads > --- UTILITY (3) ------ Huge Storage Unit Utility Shielding Utility Shielding > --- WEAPON (2) ------- Improved Medium Laser Heavy Mace > --- INVENTORY (25) --- Improved Heat Sink Large Storage Unit Sensor Array Utility Shielding Improved Medium Laser Improved Assault Rifle Grenade Launcher Mini Grenade Launcher Heavy Mace Heavy Mace Peak State ------------ > --- POWER ------------ Light Ion Engine > --- PROPULSION ------- Advanced Treads Advanced Treads Advanced Treads > --- UTILITY ---------- Huge Storage Unit Sensor Array Utility Shielding > --- WEAPON ----------- Improved Assault Rifle Heavy Mace > --- INVENTORY -------- Advanced Treads Improved Heat Sink Large Storage Unit Sensor Array Utility Shielding Utility Shielding Improved Medium Laser Improved Medium Laser Grenade Launcher Heavy Mace Heavy Mace [Rating: 21] Favorites ----------- Power Ion Engine Engine Ion Engine Propulsion Advanced Treads Treads Advanced Treads Utility Huge Storage Unit Device Sensor Array Storage Huge Storage Unit Protection Utility Shielding Weapon Light Assault Rifle Energy Gun Improved Medium Laser Ballistic Gun Light Assault Rifle Launcher Grenade Launcher Impact Weapon Heavy Mace Build | -11 -10 -10 -9 ------- Run | Yrd Mat Min Mat Slots Evolved 2 | . . . 2 Power . | . . . . Propulsion 1 | . . . 1 Utility 1 | . . . 1 Weapon . | . . . . Parts Attached 24 | 6 4 1 13 Power 4 | 1 . 1 2 Engine 4 | 1 . 1 2 Core . | . . . . Reactor . | . . . . Propulsion 6 | 2 . . 4 Treads 6 | 2 . . 4 Leg . | . . . . Wheel . | . . . . Hover . | . . . . Flight . | . . . . Utility 7 | 1 2 . 4 Device 2 | . 1 . 1 Storage 3 | 1 1 . 1 Processor . | . . . . Hackware . | . . . . Protection 2 | . . . 2 Artifact . | . . . . Weapon 7 | 2 2 . 3 Energy Gun 1 | . . . 1 Energy Cannon . | . . . . Ballistic Gun 4 | 2 1 . 1 Ballistic Cannon . | . . . . Launcher 1 | . 1 . . Special Weapon . | . . . . Impact Weapon 1 | . . . 1 Slashing Weapon . | . . . . Piercing Weapon . | . . . . Special Melee Weapon . | . . . . Unidentified Prototypes 2 | . . . 2 Parts Lost 9 | . . 3 6 Power 3 | . . 1 2 Propulsion 4 | . . 1 3 Utility 2 | . . 1 1 Weapon . | . . . . Highest Loss Streak 3 | . . 2 3 To Critical Strikes . | . . . . Average Backups 9 | 2 5 9 11 Power . | . 1 . . Propulsion . | . . . 1 Utility 5 | . 2 6 5 Weapon 3 | 1 1 2 4 Tool/Special . | . . . . Unused Backups 12 | . 2 1 9 Power 1 | . . 1 . Propulsion 1 | . . . 1 Utility 6 | . 2 . 4 Weapon 4 | . . . 4 Tool/Special . | . . . . Average Slot Usage (%) 82 | . 95 82 77 Engine 11 | . 14 14 9 Treads 25 | . 28 21 25 Device 5 | . 10 4 4 Storage 12 | . 14 14 11 Protection 4 | . . . 7 Energy Gun 2 | . . . 4 Ballistic Gun 13 | . 27 27 5 Impact Weapon 6 | . . . 10 Peak Build Rating 21 | 6 8 7 21 Average Rating 12 | 3 6 6 16 On Entrance 4 | . 6 7 6 Naked Turns . | . . . . Heaviest Build 91 | 12 28 28 91 Greatest Support 66 | 40 40 40 66 Greatest Overweight (x) 4 | . . 1 4 Average Overweight (x) . | . . . 1 Largest Inventory Capacity 25 | 8 15 15 25 Average Capacity 19 | 6 11 15 24 Most Carried 14 | 5 10 10 14 Average Carried 10 | 3 5 9 11 Final Capacity 25 | 8 15 15 25 Final Carried 10 | 2 9 10 10 Class Distribution -------------------- 100% | Mutant Dominant Class ---------------- Mutant | -10/Materials Mutant | -10/Mines Mutant | -9/Materials Resources | -11 -10 -10 -9 ----------- Run | Yrd Mat Min Mat Matter Collected 614 | 224 16 165 209 Remotely . | . . . . Salvage Created 908 | . 159 172 577 Parts 49 | . 12 9 28 Haulers Intercepted 1 | . . . 1 Recyclers Shooed 1 | . . . 1 Parts Field Recycled . | . . . . Retrieved Matter . | . . . . Parts Self-Destructed . | . . . . Prevented . | . . . . Kills | -11 -10 -10 -9 ------- Run | Yrd Mat Min Mat Combat Hostiles Destroyed 25 | . 7 4 14 Melee 3 | . . . 3 Guns 6 | . 2 3 1 AOE 9 | . 5 1 3 Classes Destroyed 8 | . 2 . 6 Worker 2 | . . . 2 Hauler 1 | . . . 1 Recycler 1 | . . . 1 Operator 1 | . . . 1 Watcher 1 | . . . 1 Swarmer 7 | . 3 . 4 Grunt 15 | . 4 4 7 Sentry 3 | . . . 3 Best Kill Streak 7 | . 7 2 5 Combat Bots Only 7 | . 7 2 5 Max Kills in Single Turn 2 | . 2 1 1 Gunslinging . | . . . . Exploded 2 | . 2 1 1 Melee 1 | . . . 1 Uniques/NPCs Destroyed . | . . . . Combat | -11 -10 -10 -9 -------- Run | Yrd Mat Min Mat Hostile Shots Fired 200 | . 42 30 128 Missed 52 | . 16 7 29 Hits 148 | . 26 23 99 Projectile 148 | . 26 23 99 Critical Strikes 7 | . 1 1 5 Actively Blocked 1 | . . . 1 Damage Taken 2141 | . 277 327 1537 Core 555 | . 72 81 402 Absorbed by Shields . | . . . . Redirected to Shielding 24 | . . . 24 Core Remaining (%) 69 | 100 . 38 . Volleys Fired 39 | . 9 18 12 Largest 2 | . 2 2 2 Hottest 79 | . 50 50 79 Shots Fired 63 | . 14 34 15 Gun 55 | . 11 33 11 Cannon . | . . . . Launcher 8 | . 3 1 4 Special . | . . . . Kinetic 52 | . 11 33 8 Thermal 3 | . . . 3 Explosive 8 | . 3 1 4 Electromagnetic . | . . . . Robot Hit Streak 10 | . 7 10 5 Robot Miss Streak 2 | . 2 1 1 Penetration Max . | . . . . Secondary Targets 1 | . . . 1 Max Gunslinging Chain 1 | . . . 1 Shots Hit Robots 79 | . 8 27 44 Core Hits 36 | . 12 12 12 Critical Kills 1 | . . . 1 Critical Parts Destroyed 3 | . . . 3 Critical Strikes 5 | . . . 5 Smash 5 | . . . 5 Melee Attacks 72 | . . . 72 Impact 72 | . . . 72 Slashing . | . . . . Piercing . | . . . . Sneak Attacks 5 | . . . 5 Combat Hostiles . | . . . . Follow-up Attacks . | . . . . Damage Inflicted 2489 | . 382 278 1829 Guns 353 | . 64 198 91 Cannons . | . . . . Explosions 640 | . 318 80 242 Melee 1496 | . . . 1496 Ramming . | . . . . Kinetic 305 | . 64 198 43 Thermal 48 | . . . 48 Explosive 640 | . 318 80 242 Electromagnetic . | . . . . Impact 1496 | . . . 1496 Slashing . | . . . . Piercing . | . . . . Highest Corruption 5 | . . . 5 Average Corruption 4 | . . . 4 Corruption Purged . | . . . . Corruption Blocked . | . . . . Effects 27 | . . . 27 Message Errors 9 | . . . 9 Matter Fused 7 | . . . 7 Heat Flow Errors 1 | . . . 1 Energy Discharges 4 | . . . 4 Data Loss (minor) 3 | . . . 3 Data Loss (major) 2 | . . . 2 Alerts 1 | . . . 1 Overload Shots . | . . . . Overflow Damage 358 | . . . 358 Projectiles . | . . . . Explosions . | . . . . Melee 358 | . . . 358 Knockbacks 5 | . . . 5 Impact 5 | . . . 5 Kinetic . | . . . . Secondary . | . . . . Self-Inflicted Damage . | . . . . Shots . | . . . . Rammed 1 | . . 1 . Targets Rammed 1 | . . 1 . Kicked . | . . . . Crushed . | . . . . Highest Temperature 96 | . 30 27 96 Average Temperature 15 | . 16 11 18 Received Heat Transfer 735 | . 105 210 420 Siege Activations . | . . . . Martial Activations . | . . . . Shielding Activations . | . . . . Robots Disrupted . | . . . . Combat Hostiles . | . . . . Robots Corrupted 8 | . . . 8 Combat Hostiles 7 | . . . 7 Parts Fried 5 | . . . 5 Impact Corruptions 13 | . . . 13 Robots Melted . | . . . . Combat Hostiles . | . . . . Parts Melted . | . . . . Heat Transferred 111 | . . . 111 Parts Sabotaged . | . . . . Parts Stolen . | . . . . Parts Stripped . | . . . . Power Chain Reactions . | . . . . Alert | -11 -10 -10 -9 ------- Run | Yrd Mat Min Mat Maximum Alert Level 1 | . . . 1 Low Security (%) 94 | 100 100 100 90 Level 1 5 | . . . 9 Level 2 . | . . . . Level 3 . | . . . . Level 4 . | . . . . Level 5 . | . . . . High Security . | . . . . Max Security . | . . . . Peak Influence 225 | . 165 40 225 Initial 18 | . . 18 . Average 55 | . 67 8 69 Influence Increases 738 | . 175 109 454 Destroy 0b10 Robot/C 500 | . 140 80 280 Destroy 0b10 Robot/NC 30 | . . . 30 Destroy Leader 104 | . 20 20 64 Disable Machine 15 | . . . 15 Destroy Structure 44 | . 15 9 20 Lose Combat Pursuer 45 | . . . 45 Influence Decreases 613 | . 128 156 329 Entered New Map 29 | . . 29 . Time Decay 514 | . 128 97 289 Lost Part 70 | . . 30 40 Squads Dispatched 3 | . 2 . 1 Investigation 1 | . 1 . . Extermination . | . . . . Reinforcement 2 | . 1 . 1 Assault . | . . . . Garrison . | . . . . Intercept . | . . . . Searches Triggered . | . . . . Construction Impeded . | . . . . Haulers Reinforced . | . . . . Active Scanning Responses . | . . . . Cargo Convoy Interrupts . | . . . . Stealth | -11 -10 -10 -9 --------- Run | Yrd Mat Min Mat Distress Signals 2 | . . . 2 Communications Jammed . | . . . . Distress Signals . | . . . . Times Spotted 39 | . 9 4 26 Peak Tracking Total 9 | . 7 2 9 Tactical Retreats 2 | . . . 2 Traps | -11 -10 -10 -9 ------- Run | Yrd Mat Min Mat Traps Triggered 2 | . 1 . 1 Indirectly . | . . . . Trap Hack Attempts . | . . . . Triggered . | . . . . Disarmed . | . . . . Reprogrammed . | . . . . Reused . | . . . . Traps Extracted . | . . . . Installed . | . . . . Triggered . | . . . . Machines | -11 -10 -10 -9 ---------- Run | Yrd Mat Min Mat Machines Disabled 1 | . . . 1 Max in Single Turn 1 | . . . 1 Machines Repaired . | . . . . Machines Dismantled . | . . . . Machines Sabotaged . | . . . . Overloaded Fab Kills . | . . . . Hacking | -11 -10 -10 -9 --------- Run | Yrd Mat Min Mat Machines Accessed 4 | . 1 . 3 Terminals 4 | . 1 . 3 Fabricators . | . . . . Repair Stations . | . . . . Recycling Units . | . . . . Scanalyzers . | . . . . Garrison Access . | . . . . Total Hacks 7 | . 1 . 6 Successful 3 | . . . 3 Failed 4 | . 1 . 3 Catastrophic 1 | . 1 . . Database Lockouts . | . . . . Manual 4 | . . . 4 Terminals 7 | . 1 . 6 Fabricators . | . . . . Repair Stations . | . . . . Recycling Units . | . . . . Scanalyzers . | . . . . Garrison Access . | . . . . Terminal Hacks 3 | . . . 3 Prototype ID Bank 1 | . . . 1 Emergency Access Points 1 | . . . 1 Alert Level 1 | . . . 1 Fabricator Hacks . | . . . . Repair Station Hacks . | . . . . Recycling Unit Hacks . | . . . . Scanalyzer . | . . . . Garrison Access Hacks . | . . . . Unauthorized Hacks . | . . . . Terminals . | . . . . Fabricators . | . . . . Repair Stations . | . . . . Recycling Units . | . . . . Scanalyzers . | . . . . Garrison Access . | . . . . Data Cores Recovered . | . . . . Used . | . . . . Hacking Detections 2 | . . . 2 Full Trace Events 1 | . . . 1 Feedback Events . | . . . . Feedback Blocked . | . . . . Robot Schematics Acquired . | . . . . Robots Built . | . . . . Authchips . | . . . . Time . | . . . . Total Robot Build Rating . | . . . . Part Schematics Acquired . | . . . . Parts Built . | . . . . Authchips . | . . . . Time . | . . . . Total Part Build Rating . | . . . . Parts Repaired . | . . . . Time . | . . . . Parts Recycled . | . . . . Recycled Matter . | . . . . Retrieved Matter . | . . . . Retrieved Components . | . . . . Parts Scanalyzed . | . . . . Part Schematics Acquired . | . . . . Parts Damaged . | . . . . Bothacking | -11 -10 -10 -9 ------------ Run | Yrd Mat Min Mat Used RIF Installer . | . . . . Robots Hacked . | . . . . Non-combat . | . . . . Combat . | . . . . Robot Hacks Applied . | . . . . Relay Couplers Released . | . . . . Fabnet Peak Effective % . | . . . . Robots Rewired . | . . . . Allies Hacked . | . . . . Hacks Repelled . | . . . . Allies | -11 -10 -10 -9 -------- Run | Yrd Mat Min Mat Total Allies . | . . . . Largest Group . | . . . . Highest-Rated Group . | . . . . Highest-Rated Ally . | . . . . Total Orders . | . . . . Ally Attacks . | . . . . Total Damage . | . . . . Kills . | . . . . Allies Corrupted . | . . . . Allies Melted . | . . . . Intel | -11 -10 -10 -9 ------- Run | Yrd Mat Min Mat Active Infowar (turns) 882 | . 316 98 468 Sensors 468 | . . . 468 Terrain 414 | . 316 98 . Robot Analysis Total . | . . . . Derelict Logs Recovered . | . . . . Drone Launches . | . . . . Drone Recoveries . | . . . . Exploration | -11 -10 -10 -9 ------------- Run | Yrd Mat Min Mat Turns Passed 2146 | 87 409 371 1279 Spaces Moved 849 | 57 227 159 406 Core 16 | 16 . . . Treads 833 | 41 227 159 406 Legs . | . . . . Wheels . | . . . . Hover . | . . . . Flight . | . . . . Fastest Speed 50 | 50 160 160 150 Average Speed 204 | 129 160 193 245 Slowest Speed 465 | 160 160 240 465 Overloaded Moves . | . . . . Propulsion Burnouts . | . . . . Robots Hopped . | . . . . Potential Cave-ins 22 | . . . 22 Cave-ins Triggered 1 | . . . 1 Exploration Rate (%) 29 | 4 45 35 35 Regions Visited 3 Branch Regions 1 Pre-discovered Areas . | . . . . Known Exits Taken . | . . . . Unknown Exits Taken 3 | 1 1 1 . Scrap Searched . | . . . . Spaces Dug 24 | . . . 24 Terrain Destroyed 66 | . 13 9 44 Melee 24 | . . . 24 Projectile . | . . . . AOE 42 | . 13 9 20 Terrain Rammed . | . . . . Walls Destroyed . | . . . . Machines Disabled . | . . . . Actions | -11 -10 -10 -9 --------- Run | Yrd Mat Min Mat Total 1076 | 69 262 195 550 Wait 43 | 2 7 10 24 Move 846 | 56 226 158 406 Hop . | . . . . Pick Up 33 | 5 11 3 14 Fast Attach 3 | 3 . . . Attach 18 | 3 2 2 11 Detach 3 | . 1 1 1 Swap 9 | . 3 1 5 Drop 9 | . 3 1 5 Fire 39 | . 9 18 12 Melee 72 | . . . 72 Ram . | . . . . Kick . | . . . . Crush 1 | . . 1 . Escape Stasis . | . . . . Rewire . | . . . . Trap . | . . . . Miscellaneous . | . . . . Route ------- -11/Scrapyard -10/Materials (discovered 2 exits: [*Min] / [*Sub]) -10/Mines (discovered 2 exits: *Mat / [*Sub]) -9/Materials History --------- Turn | Location | Event 10 | -11/Scrapyard | Discovered new exit (range 15) 88 | -11/Scrapyard | Entered Materials 279 | -10/Materials | Destroyed 7 combat bots 314 | -10/Materials | Discovered new exit (range 14) 338 | -10/Materials | Build established: Mutant 467 | -10/Materials | Discovered new exit (range 9) 497 | -10/Materials | Entered Mines 568 | -10/Mines | Discovered new exit (range 15) 626 | -10/Mines | Discovered new exit (range 6) 681 | -10/Mines | Core integrity fell below 50% 868 | -10/Mines | Entered Materials 868 | -9/Materials | Evolved 2 slots: Propulsion x1, Utility x1 1232 | -9/Materials | Crushed by falling debris 1274 | -9/Materials | Core integrity fell below 50% 1702 | -9/Materials | Core integrity fell below 20% 1772 | -9/Materials | Lost 3 parts (1p2n) 2147 | -9/Materials | Destroyed by G-47 Trooper with Particle Gun Last Messages --------------- 01995_ =7H>47KM8#IVLI 2GBZAPCGNMDI %|X/93/XLTAH 01998_ U-05 Engineer works on Pressure Siphon. 02000_ K-01 Serf collects debris. 02003_ U-05 Engineer works on Pressure Siphon. 02003_ K-01 Serf collects debris. 02015_ Connecting with Terminal... >>Prototypes Downloading prototype IDs... Imp. Medium Laser Imp. EM Shotgun 02025_ K-01 Serf collects debris. 02033_ K-01 Serf cleans the Pressure Siphon. 02038_ System corrupted: Energy discharge (-50). 02047_ K-01 Serf cleans the Pressure Siphon. 02066_ System corrupted: Component data lost. 02101_ QD9IH4EN|HZJT1K#CV1SS25MUMSEB 02124_ 93F A ZQ W =V2G=V73R>0